 Dungeon Crawl Stone Soup version 0.26.1-11-gd32895ea62 (webtiles) character file.

Game seed: 12043993887398829663

2240 nothank2 the Stinger (level 9, -4/62 HPs)
             Began as a White Draconian Venom Mage on July 9, 2021.
             Was a Follower of Vehumet.
             Slain by Menkaure (10 damage)
             ... on level 6 of the Dungeon.
             The game lasted 00:34:51 (8587 turns).

nothank2 the Stinger (White Draconian Venom Mage)   Turns: 8587, Time: 00:34:51

Health: -4/62      AC: 11    Str: 16    XL:     9   Next: 14%
Magic:  2/19       EV: 12    Int: 18    God:    Vehumet [*.....]
Gold:   407        SH:  0    Dex: 11    Spells: 11/21 levels left

rFire    . . .     SeeInvis .   q - +1 dagger (venom)
rCold    + . .     Faith    .   (no shield)
rNeg     + + .     Spirit   .   (armour unavailable)
rPois    .         Reflect  .   (helmet restricted)
rElec    .         Harm     .   z - +1 cloak
rCorr    .         Rampage  .   B - +1 pair of gloves of Eto Zosy {rN+ Regen+ Str+4}
Will     .....                  (no boots)
Stlth    ++........             (no amulet)
HPRegen  0.60/turn              h - ring of wizardry
MPRegen  0.16/turn              i - ring of positive energy

@: no status effects
A: breathe frost, unfitting armour, cold resistance 1, cold-blooded, AC +7
a: Breathe Frost, Renounce Religion


You were on level 6 of the Dungeon.
You worshipped Vehumet.
Vehumet was aware of your devotion.
You visited 1 branch of the dungeon, and saw 7 of its levels.

You collected 482 gold pieces.
You spent 75 gold pieces at shops.

Inventory:

Hand Weapons
 b - a +0 dagger
 q - a +1 dagger of venom (weapon)
 w - a +1 spear of venom
Missiles
 H - 4 boomerangs of dispersal
 I - 2 curare-tipped darts
Armour
 s - a +0 pair of gloves
 z - a +1 cloak (worn)
 B - the +1 pair of gloves of Eto Zosy (worn) {rN+ Regen+ Str+4}
   (You found it on level 6 of the Dungeon)

   It affects your strength (+4).
   It protects you from negative energy.
   It increases your rate of regeneration.
Jewellery
 h - a ring of wizardry (left hand)
 i - a ring of positive energy (right hand)
 C - an uncursed ring of willpower {unknown}
Wands
 j - a wand of iceblast (3)
 l - a wand of acid (6)
 F - a wand of enslavement (5)
Scrolls
 c - 3 scrolls of enchant weapon {unknown}
 d - 5 scrolls of teleportation
 e - 5 scrolls of remove curse
 n - 3 scrolls of enchant armour {unknown}
 o - a scroll of noise {unknown}
 t - a scroll of amnesia {unknown}
 v - a scroll of brand weapon {unknown}
 y - a scroll of identify
 A - a scroll of immolation {unknown}
 D - 2 scrolls of fear {unknown}
 G - a scroll of magic mapping {unknown}
Potions
 a - 2 potions of curing
 f - a potion of brilliance
 g - 2 potions of invisibility
 k - a potion of attraction
 m - a potion of mutation {unknown}
 p - 3 potions of resistance
 r - a potion of cancellation
 u - 2 potions of flight {unknown}
 x - 5 potions of heal wounds {unknown}
 E - a potion of degeneration {unknown}


   Skills:
 - Level 1.7 Dodging
 - Level 1.7 Stealth
 + Level 6.7 Spellcasting
 + Level 7.0 Transmutations
 + Level 7.7 Poison Magic


You had 11 spell levels left.
You knew the following spells:

 Your Spells              Type           Power        Failure   Level
a - Sting                 Tmut/Pois      100%         1%          1
b - Poisonous Vapours     Pois/Air       38%          1%          2
c - Mephitic Cloud        Conj/Pois/Air  15%          4%          3
d - Olgreb's Toxic Radia  Pois           33%          1%          4

Your spell library contained the following spells:

 Spells                   Type           Power        Failure   Level
 Foxfire                  Conj/Fire      24%          4%          1
 Ignite Poison            Fire/Tmut/Pois 23%          1%          3


Dungeon Overview and Level Annotations

Branches:
Dungeon (7/15)             Temple (0/1) D:6

Altars:
Ashenzari
Fedhas
Makhleb
Nemelex Xobeh
Qazlal
Ru
Trog
Vehumet

Shops:
D:5 ?

Annotations:
D:6 Menkaure


Innate Abilities, Weirdness & Mutations

You can breathe waves of freezing cold.
You can buffet flying creatures when you breathe cold.
Your icy white scales are hard. (AC +7)
You cannot fit into any form of body armour.
Your flesh is cold resistant. (rC+)
You are cold-blooded and may be slowed by cold attacks.


Message History

The sting hits Menkaure.
Menkaure partially resists.
Menkaure is heavily damaged.
Menkaure hits you but does no damage.
Menkaure calls on the powers of darkness!
Your body is wracked with pain!
* * * LOW HITPOINT WARNING * * *
Aiming: Sting (safe; 1% risk of failure)
Press: ? - help, Q - select action, (/) - cycle Shift-Dir - straight line, f/p - Menkaure
Aim: Menkaure (heavily damaged, fast, 11% to evade)
The sting hits Menkaure.
Menkaure partially resists.
Menkaure is heavily damaged.
Menkaure closely misses you.
You hit Menkaure but do no damage.
Menkaure is heavily damaged.
Menkaure hits you!
* * * LOW HITPOINT WARNING * * *
You hit Menkaure.
Menkaure is severely damaged.
Menkaure hits you!
You die...

#....#PPP...#
####.)...)).#####
)(...#.....##
#....##..#### ###
†....#.....##
##.##.......# #..
#....#♣PP...#
#..##.....#.# #..
#.)..#♣♣...##
##.###.#####.# #..
#....#♣PP..## #..#
#.# #.# #..
#######♣....# #.##
#.# #.# #..
......#.PP..# #M##
#.# #.# #..
......#♣♣...# #.@#
#.# #.# #..
..)...#♣PP..#
##.###.# #.## ###
......#♣...##
#.....#####..####
......#....#
#...............#
......#....#
#...#######.....##
......#♣♣..# #.###
##......
#######♣PP.# #.#
#....## ♣ ♣.♣.##
#.# #....# P ♣.P.#
#.# #....#


You could see Menkaure (fast).

Vanquished Creatures
  3 orc warriors (D:6)
  A sky beast (D:7)
  5 ogres
  2 bullfrogs (D:7)
  A gnoll sergeant (D:6)
  A scorpion (D:7)
  5 killer bees (D:7)
  A crimson imp (D:4)
  2 centaur zombies (D:4)
  A bullfrog zombie (D:6)
  A hound (D:6)
  4 orc priests
  3 gnoll shamans
  2 iguanas
  6 orc wizards
  A worker ant (D:4)
  2 killer bee zombies (D:5)
  3 hound skeletons
  A worker ant zombie (D:4)
  5 adders
  11 gnolls
  A white imp (D:6)
  A worm (D:3)
  4 dart slugs
  2 leopard geckos
  22 orcs
  A ball python (D:4)
  4 giant cockroaches
  A goblin (D:3)
  10 hobgoblins
  10 jackals
  3 quokkas
  3 bats
  18 kobolds
  A leopard gecko zombie (D:4)
  7 rats
149 creatures vanquished.

Vanquished Creatures (others)
  9 plants (D:6)
  3 withered plants (D:4)
12 creatures vanquished.

Grand Total: 161 creatures vanquished

Notes
Turn   | Place    | Note
-------+----------+-------------------------------------------
     0 | D:1      | nothank2 the Draconian Venom Mage began the quest for the
                  | Orb.
     0 | D:1      | Reached XP level 1. HP: 14/14 MP: 3/3
   228 | D:1      | Reached XP level 2. HP: 17/20 MP: 3/5
   392 | D:1      | Found a sparkling altar of Nemelex Xobeh.
  1404 | D:3      | Reached XP level 3. HP: 20/26 MP: 3/6
  1724 | D:3      | Reached XP level 4. HP: 17/33 MP: 0/8
  1892 | D:3      | HP: 1/33 [orc wizard/+0 dagger (5)]
  2267 | D:3      | Reached XP level 5. HP: 38/38 MP: 6/9
  2407 | D:3      | Found a bloodstained altar of Trog.
  2407 | D:3      | Found a broken altar of Ashenzari.
  2858 | D:4      | Found a stormy altar of Qazlal.
  2878 | D:4      | Learned a level 2 spell: Poisonous Vapours
  2882 | D:4      | Learned a level 3 spell: Mephitic Cloud
  3504 | D:4      | Reached XP level 6. HP: 21/45 MP: 3/11
  4300 | D:4      | Learned a level 4 spell: Olgreb's Toxic Radiance
  4471 | D:4      | Found a burning altar of Makhleb.
  4472 | D:4      | Found a radiant altar of Vehumet.
  4488 | D:4      | Reached skill level 5 in Poison Magic
  4493 | D:4      | Became a worshipper of Vehumet
  4816 | D:5      | Entered Level 5 of the Dungeon
  4864 | D:5      | Found Apsyoshu's Magic Scroll Shoppe.
  4872 | D:5      | Bought a scroll of identify for 30 gold pieces
  4872 | D:5      | Bought a scroll of teleportation for 45 gold pieces
  4962 | D:5      | Your scales start taking on an icy white colour.
  4962 | D:5      | Reached XP level 7. HP: 50/50 MP: 4/13
  4962 | D:5      | Gained mutation: Your flesh is cold resistant. (rC+) [White
                  | Draconian growth]
  5359 | D:5      | Found a sacrificial altar of Ru.
  6214 | D:6      | Reached skill level 5 in Spellcasting
  6214 | D:6      | Reached skill level 5 in Transmutations
  6432 | D:6      | Found a staircase to the Ecumenical Temple.
  6649 | D:6      | Got a pair of shimmering gloves
  6660 | D:6      | Identified the +1 pair of gloves of Eto Zosy {rN+ Regen+
                  | Str+4} (You found it on level 6 of the Dungeon)
  6831 | D:6      | Reached XP level 8. HP: 57/57 MP: 7/15
  7370 | D:6      | Found a blossoming altar of Fedhas.
  7747 | D:6      | Reached * piety under Vehumet
  7747 | D:6      | Offered knowledge of Foxfire by Vehumet.
  8425 | D:7      | Reached XP level 9. HP: 58/62 MP: 12/18
  8546 | D:7      | Noticed Menkaure
  8587 | D:6      | Slain by Menkaure

Illustrated notes

Levels and vault maps discovered:
D:1:      lightli_arrival_flooded_house, layout_basic, nemelex_altar_shiori
D:2:      layout_rooms, serial_rivers, chequers_serial_rivers_large_b,
          chequers_serial_rivers_marsh, chequers_serial_rivers_room_a,
          chequers_serial_rivers_micro_c, chequers_serial_rivers_micro_e,
          chequers_serial_rivers_micro_c
D:3:      layout_loops_cross, amethyst_overflow_temple_binary,
          kennysheep_nondescript
D:4:      layout_gridville, grunt_temple_overflow_lords_of_destruction,
          nicolae_qazlal_general_emergency, serial_undead, serial_undead_c,
          serial_undead_c, serial_undead_c, serial_undead_e,
          hangedman_abyss_or_decor_passed
D:5:      layout_gridville, nicolae_ru_sacrificial_ziggurat, serial_shops,
          shop_scrolls
D:6:      kennysheep_housing_project, layout_rooms,
          minmay_temple_entry_statues_fountains, fedhas_altar_4
D:7:      layout_gridville, serial_shops, shop_fountains, uniq_duvessa,
          uniq_menkaure

Skill      XL: |  1  2  3  4  5  6  7  8  9 |
---------------+----------------------------+-----
Transmutations | 2 3 4 5 6 7 |  7.0
Spellcasting   | 3 4 5 6 |  6.7
Poison Magic   | 4 5 6 7 |  7.7
Dodging        | |  1.7
Stealth        | |  1.7

Action                   |  1- 3 |  4- 6 |  7- 9 || total
-------------------------+-------+-------+-------++-------
Melee: Dagger            |    26 |   121 |   128 ||   275
       Tailslap          |     3 |    22 |    18 ||    43
       Unarmed           |     1 |       |       ||     1
 Cast: Sting             |    35 |    86 |   122 ||   243
       Poisonous Vapours |       |    25 |    45 ||    70
 Abil: Breathe Frost     |       |       |     4 ||     4
Evoke: Wand              |       |     2 |       ||     2
  Use: Scroll            |       |       |     7 ||     7
 Stab: Sleeping          |     2 |       |       ||     2
Armor: Skin              |    10 |    43 |    60 ||   113
Dodge: Dodged            |    20 |   111 |   102 ||   233
